 Dungeon Crawl Stone Soup version 0.26-a0-771-g060e6a62af (webtiles) character file.

Game seed: 2986157207750810829

76 Bliebski the Insei (level 4, -1/29 HPs)
             Began as an Octopode Transmuter on Nov 8, 2020.
             Slain by Terence
             ... wielding a +0 hand axe
              (4 damage)
             ... on level 2 of the Dungeon.
             The game lasted 00:03:12 (2497 turns).

Bliebski the Insei (Octopode Transmuter)            Turns: 2497, Time: 00:03:12

Health: -1/29      AC:  1    Str:  9    XL:     4   Next: 32%
Magic:  7/7        EV: 14    Int: 15    God:
Gold:   82         SH:  0    Dex: 13    Spells: 6/7 levels left

rFire    . . .     SeeInvis .     - Unarmed
rCold    . . .     Faith    .   (no shield)
rNeg     . . .     Spirit   .   (helmet currently unavailable)
rPois    .         Reflect  .   (no amulet)
rElec    .         Harm     .   (no ring)
rCorr    .         Rampage  .   (no ring)
MR       .....                  (no ring)
Stlth    ++........             (no ring)
HPRegen  0.09/turn              (no ring)
MPRegen  0.10/turn              (no ring)
                                (no ring)
                                (no ring)

@: appendages (expiring)
A: almost no armour, stealthy swim, amphibious, 8 rings, constrict 8, tentacle
spike 3, camouflage 1, gelatinous body 1
a: End Transformation


You were on level 2 of the Dungeon.
One of your tentacles had a temporary spike.
You visited 1 branch of the dungeon, and saw 2 of its levels.

You collected 82 gold pieces.

Inventory:

Missiles
 f - 77 stones (quivered)
Jewellery
 i - an uncursed ring of wizardry
Scrolls
 a - a scroll of magic mapping {unknown}
 b - a scroll of teleportation {unknown}
 c - a scroll of noise {unknown}
 d - 5 scrolls of identify {unknown}
 h - a scroll of remove curse {unknown}
Potions
 e - 3 potions of curing {unknown}
 g - a potion of invisibility {unknown}
 j - a potion of magic {unknown}
 k - a potion of mutation {unknown}


   Skills:
 + Level 1.8 Fighting
 + Level 2.6 Dodging
 + Level 3.4 Unarmed Combat
 + Level 2.4 Spellcasting
 + Level 2.6 Transmutations


You had 6 spell levels left.
You knew the following spells:

 Your Spells              Type           Power        Failure   Level
a - Beastly Appendage     Tmut           #.....       7%          1

Your spell library contained the following spells:

 Spells                   Type           Power        Failure   Level
 Wereblood                Tmut           #.......     11%         2
 Spider Form              Tmut/Pois      #.........   36%         3
 Ice Form                 Ice/Tmut       #.......     77%         4
 Blade Hands              Tmut           #.........   89%         5


Dungeon Overview and Level Annotations

Branches:
Dungeon (2/15)

Altars:
Nemelex Xobeh
Ru

Annotations:
D:2 Terence


Innate Abilities, Weirdness & Mutations

You cannot wear most types of armour.
You are very stealthy in the water. (Stealth+)
You are amphibious.
You can wear up to eight rings at the same time.
You can use your tentacles to constrict eight enemies at once.
Your skin changes colour to match your surroundings (Stealth+).
Your rubbery body absorbs attacks. (AC +1, EV +1)
One of your tentacles bears a large vicious spike.


Message History

You tentacle-slap Terence but do no damage.
Terence is heavily wounded.
You constrict Terence, but do no damage.
The quokka misses you. Terence hits you with a +0 hand axe.
* * * LOW HITPOINT WARNING * * *
You tentacle-slap Terence but do no damage.
Terence is heavily wounded.
You constrict Terence, but do no damage.
The quokka closely misses you. Terence closely misses you.
You tentacle-slap Terence but do no damage.
You squeeze Terence.
Terence is severely wounded.
You constrict Terence, but do no damage.
The quokka bites you.
* * * LOW HITPOINT WARNING * * *
Terence closely misses you. The quokka barely misses you.
You closely miss the quokka. Your grab misses the quokka.
You constrict Terence, but do no damage.
Terence hits you with a +0 hand axe.
You die...

... ... #.........
.. #......... ..
#........ .####
#......# #+#[..
#......######.#.####
+......+........r..+
#......######.##@..#
.........# #.##.@.#
#.######.## #.##...#
#.# #..# #.###....
#.# ##.# #.# #####
#.#######.# #.# #>##
..........###.# ...8
...........##'#
....#
....†....#.#..#


You could see Terence and a quokka.

Vanquished Creatures
  2 adders (D:2)
  An ooze (D:2)
  3 worms (D:2)
  A dart slug (D:1)
  A leopard gecko (D:2)
  A ball python (D:1)
  2 giant cockroaches
  3 hobgoblins
  2 jackals (D:2)
  2 quokkas (D:2)
  5 bats
  4 frilled lizards
  6 goblins
  4 kobolds
  6 rats
43 creatures vanquished.

Notes
Turn   | Place    | Note
-------+----------+-------------------------------------------
     0 | D:1      | Bliebski the Octopode Transmuter began the quest for the
                  | Orb.
     0 | D:1      | Reached XP level 1. HP: 13/13 MP: 3/3
   275 | D:1      | Reached XP level 2. HP: 16/18 MP: 3/5
  1203 | D:2      | Reached XP level 3. HP: 23/23 MP: 4/6
  1841 | D:2      | Reached XP level 4. HP: 17/29 MP: 5/7
  2451 | D:2      | Found a sacrificial altar of Ru.
  2453 | D:2      | Found a sparkling altar of Nemelex Xobeh.
  2483 | D:2      | Noticed Terence
  2497 | D:2      | Slain by Terence

Illustrated notes

Levels and vault maps discovered:
D:1:      dpeg_arrival_connections, layout_basic
D:2:      layout_basic, nicolae_overflow_hidden_temple,
          minmay_fractal_squares_5, uniq_terence

Action                   |  1- 3 |  4- 6 || total
-------------------------+-------+-------++-------
Melee: Unarmed           |    69 |    41 ||   110
       Constrict         |    16 |     8 ||    24
       Kick              |    15 |     9 ||    24
       Tentacles         |    11 |     1 ||    12
       Punch             |     2 |     1 ||     3
 Cast: Beastly Appendage |    25 |    10 ||    35
 Stab: Sleeping          |     5 |       ||     5
Armor: Skin              |     7 |     5 ||    12
Dodge: Dodged            |    38 |    22 ||    60

Table legend: (Time is in decaauts)
 A = Elapsed time spent in this place.
 B = Non-inter-level travel time spent in this place.
 C = Inter-level travel time spent in this place.
 D = Time resting spent in this place.
 E = Time spent auto-exploring this place.
 F = Levels seen in this place.
 G = Mean time per level.
                   A        B        C        D        E       F      G
               +--------+--------+--------+--------+--------+-----+--------+
         Total |   2492 |   2467 |     25 |    392 |   1750 |   2 | 1246.0 |
       Dungeon |   2492 |   2467 |     25 |    392 |   1750 |   2 | 1246.0 |
               +--------+--------+--------+--------+--------+-----+--------+

Top non-repeatable levels by time:
     D:2: 1410 daAuts
     D:1: 1082 daAuts
